 Dungeon Crawl Stone Soup version 0.17.0-24-gcfadda4 (console) character file.

3654 nht the Severer (level 9, -3/70 HPs)
             Began as a Minotaur Berserker on Nov 17, 2015.
             Was a High Priest of Trog.
             Killed from afar by Erolcha (26 damage)
             ... with a bolt of cold
             ... on level 8 of the Dungeon.
             The game lasted 00:12:26 (5085 turns).

nht the Severer (Minotaur Berserker)                Turns: 5085, Time: 00:12:27

Health: -3/70      AC: 12    Str: 30    XL:     9   Next: 88%
Magic:  8/8        EV:  8    Int:  4    God:    Trog [*****.]
Gold:   402        SH:  0    Dex:  9    Spells: 0 memorised, 8 levels left

rFire  . . .     SeeInvis .     o - +0 war axe
rCold  . . .     Clarity  .     F - +0 plate armour
rNeg   . . .     SustAt   .     (no shield)
rPois  .         Gourm    .     (helmet restricted)
rElec  .         Spirit   .     M - +0 cloak
rCorr  .         Warding  .     (no gloves)
rMut   .         Stasis   .     (no boots)
MR     .....                    (no amulet)
Stlth  ..........               (no ring)
                                b - +4 ring of strength

@: invisible, not resistant to hostile enchantments, extremely unstealthy
A: retaliatory headbutt, horns 2
a: Berserk, Trog's Hand, Brothers in Arms, Burn Spellbooks, Renounce Religion


You were on level 8 of the Dungeon.
You worshipped Trog.
Trog was extremely pleased with you.
You were not hungry.

You visited 1 branch of the dungeon, and saw 8 of its levels.
You also visited: Sewer.

You collected 447 gold pieces.
You spent 45 gold pieces at shops.

Inventory:

Hand Weapons
 o - a +0 war axe (weapon)
Missiles
 a - 2 poisoned tomahawks
 n - 4 steel tomahawks (quivered)
 H - 12 tomahawks
 J - 7 curare-tipped needles
Armour
 F - a +0 plate armour (worn)
 M - a +0 cloak (worn)
Jewellery
 b - a +4 ring of strength (left hand)
Wands
 f - a wand of random effects (21)
 j - a wand of enslavement (14)
 p - a wand of lightning (10)
 z - a wand of flame (21)
 C - a wand of teleportation (7)
Scrolls
 d - a scroll of magic mapping
 e - 3 scrolls of remove curse
 g - 8 scrolls of identify
 q - a scroll of fear
 r - 6 scrolls of teleportation
 s - 3 scrolls of blinking
 y - a scroll of enchant armour
 K - a scroll of enchant weapon
Potions
 h - 4 potions of lignification {unknown}
 i - a potion of haste {unknown}
 k - 4 potions of magic {unknown}
 l - 5 potions of curing {unknown}
 t - a potion of cure mutation {unknown}
 u - a potion of might {unknown}
 v - 3 potions of heal wounds {unknown}
 w - a potion of beneficial mutation {unknown}
 x - a potion of mutation {unknown}
 A - 2 potions of degeneration {unknown}
 B - a potion of ambrosia {unknown}
 E - a potion of cancellation {unknown}
 I - a potion of berserk rage
Comestibles
 c - 4 bread rations
 m - 6 meat rations
 D - a slice of pizza
 G - 4 fruits
 N - 3 chunks of flesh


   Skills:
 - Level 3.6 Fighting
 - Level 16.0 Axes
 + Level 1.9 Throwing
 - Level 2.4 Armour
 - Level 2.1 Dodging


You had 8 spell levels left.
You didn't know any spells.

Dungeon Overview and Level Annotations

Branches:
Dungeon (8/15)             Temple (0/1) D:4
   Lair: D:8-11

Altars:
Ashenzari
Cheibriados
Gozag
Nemelex Xobeh
Qazlal
The Shining One

Shops:
D:5 *   D:7 [

Annotations:
D:8 Erolcha


Innate Abilities, Weirdness & Mutations

You reflexively headbutt those who attack you in melee.
You have a pair of horns on your head.


Message History

Found a stone staircase leading down.
Erolcha the Cunning comes into view.
She is wielding a giant club.
Erolcha shouts!
Found a scroll labeled FOIQOO CIUN.
There are monsters nearby!
You slice the iguana!!
You kill the iguana!
Trog accepts your kill.
Erolcha is nearby!
Erolcha points at you and mumbles some strange words.
The bolt of fire hits you!
Erolcha points at you and mumbles some strange words.
The crystal spear hits you!
Ouch! That really hurt!
Found a pitted rapier.
Drink which item? (? for menu, Esc to quit)
You fade into invisibility!
Erolcha points at you and mumbles some strange words.
The bolt of cold hits you!
You die...

██ █ .. .. █. ..█ ...
█. ..█ .... █. ..█ .
.....█. ..█ ..
.....O.████.███?..
.......@...?...>..
)....█?.........█
███.....█..†....█....█
█████.█.█████......█
█.█....██......█
█.████.█.......█ █.█
█.█.......█ █ █.█
█.█....█..█.█
█.█..........
█...........█
.██████.........█


You could see Erolcha.

Vanquished Creatures
  Pikel (D:5)
  The ghost of BobbyTwoHands the Stinger, a novice NaVM (D:6)
  A hungry ghost (D:7)
  Menkaure (D:7)
  Edmund (D:4)
  A water moccasin (D:5)
  2 phantoms
  An ogre (D:7)
  An orc warrior (D:7)
  A sky beast (D:6)
  A slave (D:5)
  A necrophage (D:7)
  A centaur (D:5)
  4 giant frogs
  A scorpion (D:7)
  A water moccasin skeleton (D:6)
  2 crimson imps
  2 jellies (D:6)
  4 hounds
  5 orc priests
  A centaur skeleton (D:6)
  10 orc wizards
  3 iguanas
  8 worker ants
  A hound zombie (D:6)
  A hound skeleton (D:6)
  A worker ant zombie (D:5)
  12 adders
  3 gnolls (D:2)
  5 river rats
  A shadow imp (D:5)
  2 oozes
  A worm (D:2)
  6 giant geckos
  42 orcs
  10 ball pythons
  8 bats
  3 giant cockroaches
  5 hobgoblins
  19 jackals
  10 kobolds
  A quokka (D:7)
  A giant gecko skeleton (D:7)
  A giant gecko zombie (D:7)
  13 giant newts
  3 goblins
  A jackal skeleton (D:6)
  A quokka skeleton (D:6)
  28 rats
234 creatures vanquished.

Vanquished Creatures (others)
  A giant gecko (D:5)
1 creature vanquished.

Grand Total: 235 creatures vanquished

Notes
Turn   | Place    | Note
--------------------------------------------------------------
     0 | D:1      | nht the Minotaur Berserker began the quest for the Orb.
     0 | D:1      | Reached XP level 1. HP: 19/19 MP: 0/0
   200 | D:1      | Reached skill level 4 in Axes
   238 | D:1      | Reached XP level 2. HP: 12/26 MP: 1/1
   740 | D:2      | Reached ** piety under Trog
   753 | D:2      | Reached skill level 5 in Axes
   760 | D:2      | Reached XP level 3. HP: 29/31 MP: 2/2
   837 | D:2      | Found a glowing golden altar of the Shining One.
   987 | D:2      | Reached skill level 6 in Axes
   987 | D:2      | Reached XP level 4. HP: 33/39 MP: 3/3
  1220 | D:3      | Reached skill level 7 in Axes
  1220 | D:3      | Reached XP level 5. HP: 31/45 MP: 4/4
  1267 | D:3      | Found a snail-covered altar of Cheibriados.
  1270 | D:3      | Reached *** piety under Trog
  1410 | D:3      | Found a glowing drain.
  1413 | D:3      | Reached skill level 8 in Axes
  1427 | Sewer    | Entered a sewer
  1692 | Sewer    | Reached XP level 6. HP: 43/51 MP: 5/5
  1693 | Sewer    | Reached **** piety under Trog
  2304 | D:3      | Found a sparkling altar of Nemelex Xobeh.
  2336 | D:4      | Noticed Edmund
  2347 | D:4      | Killed Edmund
  2347 | D:4      | Reached skill level 9 in Axes
  2352 | D:4      | Reached XP level 7. HP: 40/57 MP: 6/6
  2356 | D:4      | Reached ***** piety under Trog
  2470 | D:4      | Reached skill level 10 in Axes
  2825 | D:4      | Found a staircase to the Ecumenical Temple.
  3020 | D:5      | Entered Level 5 of the Dungeon
  3052 | D:5      | Reached skill level 11 in Axes
  3081 | D:5      | Found a stormy altar of Qazlal.
  3082 | D:5      | Noticed a water elemental
  3088 | D:5      | Noticed an air elemental
  3092 | D:5      | Noticed a fire elemental
  3170 | D:5      | Found Suha's Serpentskin Sales.
  3179 | D:5      | Reached XP level 8. HP: 44/64 MP: 7/7
  3186 | D:5      | Bought a potion of poison for 15 gold pieces
  3186 | D:5      | Bought 2 poisoned tomahawks for 30 gold pieces
  3277 | D:5      | Noticed Pikel
  3281 | D:5      | Reached skill level 12 in Axes
  3289 | D:5      | Killed Pikel
  3289 | D:5      | Reached skill level 13 in Axes
  3565 | D:6      | Noticed BobbyTwoHands's ghost (novice NaVM)
  3698 | D:6      | Found a shattered altar of Ashenzari.
  3783 | D:6      | Killed BobbyTwoHands's ghost
  3783 | D:6      | Reached skill level 14 in Axes
  3783 | D:6      | Reached XP level 9. HP: 70/70 MP: 8/8
  4235 | D:6      | Reached skill level 15 in Axes
  4525 | D:7      | Received a gift from Trog
  4693 | D:7      | Reached skill level 16 in Axes
  4715 | D:7      | Found Kys Vuud's Armour Shoppe.
  4802 | D:7      | Noticed Menkaure
  4805 | D:7      | Killed Menkaure
  4805 | D:7      | Reached skill level 1 in Throwing
  4948 | D:7      | Found an opulent altar of Gozag.
  5080 | D:8      | Noticed Erolcha
  5085 | D:8      | Killed from afar by Erolcha

Action                   |  1- 3 |  4- 6 |  7- 9 || total
-------------------------+-------+-------+-------++-------
Melee: Hand axe          |    84 |   167 |    12 ||   263
       War axe           |       |       |   255 ||   255
Invok: Berserk           |       |     4 |     6 ||    10
  Use: Scroll            |       |    10 |     6 ||    16
       Potion            |       |       |     1 ||     1
  Eat: Chunk             |       |     7 |    15 ||    22
       Beef jerky        |       |     1 |     1 ||     2
       Fruit             |       |       |     1 ||     1
